 Dungeon Crawl Stone Soup version 0.30-a0-964-gd452b5e7fa (webtiles) character file.

Game seed: 7166672263603388109

504 vishdafish the Conjurer (level 6, -5/36 HPs)
             Began as a Demonspawn Conjurer on Mar 30, 2023.
             Slain by a hornet (19 damage)
             ... on level 6 of the Dungeon.
             The game lasted 00:06:37 (4519 turns).

vishdafish the Conjurer (Demonspawn Conjurer)       Turns: 4519, Time: 00:06:38

Health: -5/36      AC:  4    Str:  7    XL:     6   Next: 96%
Magic:  2/13       EV: 14    Int: 28    God:
Gold:   248        SH:  0    Dex: 11    Spells: 6/15 levels left

rFire   + . .      SeeInvis .    c - +4 short sword
rCold   + . .      Faith    .    (no shield)
rNeg    . . .      Spirit   .    a - +0 robe
rPois   +          Reflect  .    d - +1 helmet
rElec   +          Rampage  .    m - scarf {harm}
rCorr   +          Harm     + .  (no gloves)
Will    .....                    (no boots)
Stlth   ++                       (no amulet)
HPRegen 0.26/turn                b - +6 ring of intelligence
MPRegen 0.13/turn                (no ring)

@: resistant, attractive, slowed, very slow
A: repulsion field 1, powered by death 1, frail 1
a: no special abilities


You were on level 6 of the Dungeon.
You visited 1 branch of the dungeon, and saw 6 of its levels.

You collected 248 gold pieces.

Inventory:

Hand Weapons
 c - a +4 short sword (weapon)
Armour
 a - a +0 robe (worn)
 d - a +1 helmet (worn)
 m - a scarf of harm (worn)
Jewellery
 b - a +6 ring of intelligence (left hand)
Scrolls
 e - a scroll of magic mapping {unknown}
 f - 2 scrolls of identify
 h - a scroll of fog {unknown}
 n - 2 scrolls of noise {unknown}
 p - a scroll of amnesia {unknown}
 q - 2 scrolls of enchant weapon {unknown}
 r - a scroll of poison {unknown}
 s - a scroll of immolation {unknown}
 t - a scroll of enchant armour {unknown}
 v - a scroll of fear {unknown}
Potions
 j - a potion of resistance
 u - a potion of degeneration {unknown}


   Skills:
 - Level 1.7 Dodging
 - Level 1.7 Stealth
 + Level 5.1 Spellcasting
 + Level 6.5 Conjurations


You had 6 spell levels left.
You knew the following spells:

 Your Spells              Type           Power      Damage    Failure   Level
a - Magic Dart            Conj           100%       1d8       1%          1
b - Fulminant Prism       Conj/Hex       12%        3d9       17%         4
c - Iskenderun's Mystic   Conj/Tloc      25%        2d7       17%         4

Your spell library contained the following spells:

 Spells                   Type           Power      Damage    Failure   Level
 Searing Ray              Conj           86%        2d7       1%          2
 Dazzling Flash           Conj/Hex       50%        N/A       5%          3
 Apportation              Tloc           14%        N/A       7%          1
 Necrotise                Necr           28%        1d5       7%          1
 Summon Small Mammal      Summ           28%        N/A       7%          1
 Starburst                Conj/Fire      12%        6d5       95%         6


Dungeon Overview and Level Annotations

Branches:
Dungeon (7/15)
 Temple: D:4-7

Altars:
Dithmenos
Fedhas
Kikubaaqudgha
Makhleb

Shops:
D:1 (


Innate Abilities, Weirdness & Mutations

You are surrounded by a mild repulsion field. (EV +2)
You regenerate a little health from kills.
You are frail. (-10% HP)


Message History

The hornet is attracted toward you.
The hornet buzzes angrily.
The sky beast hits you. The sky beast shocks you. You resist.
The hornet closely misses you. The sky beast barely misses you.
You feel less invigorated.
You feel less confused. The hornet stings you.
You feel yourself slow down.
The sky beast hits you but does no damage.
The hornet stings you!
Casting: Magic Dart (safe; 1% risk of failure)
Confirm with . or Enter, or press ? or * to list all spells.
The spell is quite dangerous to miscast (19% risk of failure)!
Continue anyway?
You erupt in a blast of force!
The mystic blast hits the hornet.
The hornet is lightly wounded.
The hornet is knocked back by the mystic blast.
The mystic blast hits the sky beast.
You kill the sky beast!
The hornet is attracted toward you.
Your Spellcasting skill increases to level 5!
Casting: Iskenderun's Mystic Blast (quite dangerous; 17% risk of failure)
Confirm with . or Enter, or press ? or * to list all spells.
The spell is quite dangerous to miscast (17% risk of failure)!
Continue anyway?
Aiming: Fulminant Prism (quite dangerous; 17% risk of failure)
Press: ? - help, Dir - move target You conjure a prism of explosive energy!
A fulminant prism comes into view.
You feel yourself speed up. The hornet barely misses you.
The hornet stings you!
You feel yourself slow down.
Casting: Fulminant Prism (quite dangerous; 17% risk of failure)
Confirm with . or Enter, or press ? or * to list all spells.
The spell is quite dangerous to miscast (17% risk of failure)!
Continue anyway?
You erupt in a blast of force!
The mystic blast hits the hornet!
The hornet is heavily wounded.
The hornet is knocked back by the mystic blast.
The hornet collides with your fulminant prism!
Your fulminant prism is lightly damaged.
The hornet stings you!
Ouch! That really hurt!
You die...

.#...#...#...#.# #.
#...#...#..##
#.###.###.###.#
#..#...#...#.######
....#...#.........
#..###.###..######
#.# #...#....#
#.####......##
#@y§*..#...##
######...### #..##
#...# ##.## #..#
####


You could see a hornet (ally target) and a friendly fulminant prism.

Vanquished Creatures
  A sky beast (D:6)
  A bullfrog (D:7)
  A scorpion (D:7)
  2 orc priests
  A jelly (D:6)
  Robin (D:3)
  7 gnolls (D:3)
  An adder (D:2)
  A worm (D:2)
  A dart slug (D:1)
  14 orcs
  9 endoplasms
  3 giant cockroaches
  13 goblins
  15 hobgoblins
  3 jackals (D:2)
  8 kobolds
  2 quokkas (D:4)
  5 ball pythons
  A bat (D:3)
  2 frilled lizards
  4 rats
96 creatures vanquished.

Vanquished Creatures (others)
  2 fulminant prisms (D:6)
  7 plants (D:3)
  A withered plant (D:3)
10 creatures vanquished.

Grand Total: 106 creatures vanquished

Notes
Turn   | Place    | Note
-------+----------+-------------------------------------------
     0 | D:1      | vishdafish the Demonspawn Conjurer began the quest for the
                  | Orb.
     0 | D:1      | Reached XP level 1. HP: 13/13 MP: 3/3
    45 | D:1      | Found Muotof's Antique Weapon Shoppe.
   187 | D:1      | Gained mutation: You regenerate a little health from kills.
                  | [demonic ancestry]
   187 | D:1      | Reached XP level 2. HP: 13/19 MP: 5/5
   213 | D:1      | Found a faded altar of an unknown god.
  1196 | D:2      | Reached XP level 3. HP: 24/24 MP: 0/7
  2005 | D:2      | Found an ancient bone altar of Kikubaaqudgha.
  2266 | D:3      | Noticed Robin
  2273 | D:3      | Reached XP level 4. HP: 30/30 MP: 1/8
  2405 | D:3      | Killed Robin
  2406 | D:3      | Reached skill level 5 in Conjurations
  2889 | D:3      | Gained mutation: You are surrounded by a mild repulsion
                  | field. (EV +2) [demonic ancestry]
  2889 | D:3      | Reached XP level 5. HP: 35/35 MP: 6/10
  3195 | D:3      | Found an ancient bone altar of Kikubaaqudgha.
  3196 | D:3      | Found a blossoming altar of Fedhas.
  3399 | D:3      | Found a shadowy altar of Dithmenos.
  3814 | D:4      | Found a burning altar of Makhleb.
  3920 | D:4      | You fall into a shaft and drop 3 floors!
  4046 | D:7      | Reached XP level 6. HP: 30/41 MP: 8/12
  4134 | D:7      | Reached skill level 6 in Conjurations
  4409 | D:6      | Learned a level 4 spell: Fulminant Prism
  4414 | D:6      | Learned a level 4 spell: Iskenderun's Mystic Blast
  4415 | D:6      | Noticed a sky beast
  4476 | D:6      | Noticed a hornet
  4508 | D:6      | Gained mutation: You are frail. (-10% HP) [potion of
                  | mutation]
  4517 | D:6      | Killed a sky beast
  4518 | D:6      | Reached skill level 5 in Spellcasting
  4519 | D:6      | Slain by a hornet

Illustrated notes

Levels and vault maps discovered:
D:1:      amcnicky_arrival_wind_blow, layout_loops_ring,
          shapermc_ecumenical_altar_mp_highgroup, serial_shops,
          nicolae_shop_hallway_plus
D:2:      layout_basic, basic_altar, minmay_hexomino_f4
D:3:      layout_basic, grunt_temple_overflow_growth_and_decay,
          old_standard_altar, grunt_dithmenos_smoke_and_mirrors, serial_curves,
          eino_curves_04, eino_curves_02, eino_curves_01, eino_curves_02,
          chequers_jeans, uniq_robin
D:4:      layout_cave_pools, nicolae_overflow_hidden_temple
D:6:      cheibrodos_quashed, layout_loops_ring, kennysheep_doodads,
          uniq_edmund, uniq_crazy_yiuf_cottage
D:7:      layout_gridville, minmay_temple_entry_statues_pillars, serial_shops,
          nicolae_shop_crystal

Skill      XL: |  1  2  3  4  5  6 |
---------------+-------------------+-----
Spellcasting   | 3 4 5 |  5.1
Conjurations   | 5 6 |  6.5
Dodging        | |  1.7
Stealth        | |  1.7

Action                     |  1- 3 |  4- 6 || total
---------------------------+-------+-------++-------
  Melee: Short sword       |    14 |    14 ||    28
   Cast: Magic Dart        |    83 |   120 ||   203
         Fulminant Prism   |       |     3 ||     3
         Iskenderun's Myst |       |     2 ||     2
    Use: Potion            |       |     9 ||     9
         Scroll            |       |     3 ||     3
 Armour: Robe              |     2 |    16 ||    18
  Dodge: Dodged            |    20 |    23 ||    43

Table legend: (Time is in decaauts)
 A = Elapsed time spent in this place.
 B = Non-inter-level travel time spent in this place.
 C = Inter-level travel time spent in this place.
 D = Time resting spent in this place.
 E = Time spent auto-exploring this place.
 F = Levels seen in this place.
 G = Mean time per level.
                   A        B        C        D        E       F      G
               +--------+--------+--------+--------+--------+-----+--------+
         Total |   4518 |   4388 |    130 |      0 |   3870 |   6 |  753.0 |
       Dungeon |   4518 |   4388 |    130 |      0 |   3870 |   6 |  753.0 |
               +--------+--------+--------+--------+--------+-----+--------+

Top non-repeatable levels by time:
     D:3: 1418 daAuts
     D:2: 1076 daAuts
     D:1: 1036 daAuts
     D:4: 388 daAuts
     D:6: 339 daAuts
     D:7: 259 daAuts
